 Dungeon Crawl Stone Soup version 0.20-a0-850-ge5a7832 (webtiles) character file.

4195 nubinia the Thaumaturge (level 10, -6/52 HPs)
             Began as a Deep Elf Ice Elementalist on Mar 10, 2017.
             Was a Priest of Ashenzari.
             Mangled by an orc warrior
             ... wielding a +0 halberd
              (14 damage)
             ... in a bailey.
             The game lasted 01:11:56 (11492 turns).

nubinia the Thaumaturge (DEIE)                     Turns: 11492, Time: 01:11:57

Health: -6/52      AC: 14    Str:  5    XL:     10   Next: 8%
Magic:  11/27      EV: 18    Int: 27    God:    Ashenzari [***...]
Gold:   924        SH:  8    Dex: 17    Spells: 17/31 levels left

rFire    . . .     SeeInvis +   h - +1 dagger (curse)
rCold    . . .     Gourm    .   H - +0 robe (curse)
rNeg     . . .     Faith    .   N - +0 shield (curse)
rPois    +         Spirit   .   D - +2 hat (curse)
rElec    .         Reflect  .   (no cloak)
rCorr    .         Harm     .   u - +1 pair of gloves (curse)
MR       +....                  (no boots)
Stlth    +++.......             (no amulet)
Regen    0.2/turn               r - ring of poison resistance (curse)
MPRegen  0.2/turn               j - +4 ring of evasion (curse)

@: brilliant, icy armour (expiring), very slightly contaminated, slow
A: no striking features
a: Curse Item, Scrying, Renounce Religion


You were in a bailey.
You worshipped Ashenzari.
Ashenzari was most pleased with you.
You were not hungry.

You visited 2 branches of the dungeon, and saw 11 of its levels.
You also visited: Sewer and Bailey.

You collected 964 gold pieces.
You spent 40 gold pieces at shops.

Inventory:

Hand Weapons
 h - a cursed +1 dagger (weapon)
 G - a +2 dagger of holy wrath
 K - a +0 short sword
Armour
 a - a +0 robe
 g - a +1 robe of fire resistance
 u - a cursed +1 pair of gloves (worn)
 C - a +0 helmet
 D - a cursed +2 hat (worn)
 H - a cursed +0 robe (worn)
 N - a cursed +0 shield (worn)
Jewellery
 j - a cursed +4 ring of evasion (left hand)
 r - a cursed ring of poison resistance (right hand)
 w - an uncursed ring of ice
 y - a +3 ring of intelligence
 B - a +1 ring of protection
 L - a +3 ring of strength
 P - an uncursed ring of protection from fire
Wands
 d - a wand of flame (23/48)
 n - a wand of lightning (8/15)
 E - a wand of polymorph (15/24)
 F - a wand of disintegration (8/24)
 J - a wand of paralysis (9/24)
 T - a wand of disintegration (16/24)
Scrolls
 s - 2 scrolls of magic mapping
 v - 2 scrolls of recharging
 x - 3 scrolls of enchant weapon
 I - a scroll of silence
 M - a scroll of blinking
 O - a scroll of fear
 Q - a scroll of remove curse
 R - a scroll of identify
Potions
 e - a potion of haste
 f - a potion of cancellation
 k - 2 potions of magic
 l - 5 potions of heal wounds
 m - 9 potions of curing
 A - a potion of resistance
Books
 b - a book of Frost

   Spells                             Type                      Level
   a - Freeze                         Ice                          1
   b - Throw Frost                    Conjuration/Ice              2
   c - Ozocubu's Armour               Charms/Ice                   3
   d - Throw Icicle                   Conjuration/Ice              4
   e - Summon Ice Beast               Ice/Summoning                4
Miscellaneous
 S - a lamp of fire (inert)
Comestibles
 c - 4 bread rations
 i - 6 chunks of flesh
 o - 4 fruits
 t - 4 royal jellies
 z - 2 meat rations


   Skills:
 + Level 1.0 Fighting
 + Level 2.4(4.8) Short Blades
 + Level 4.5(6.3) Dodging
 + Level 4.5(6.3) Stealth
 * Level 2.0(3.5) Shields
 + Level 11.1 Spellcasting
 + Level 3.0(4.6) Conjurations
 + Level 2.6(4.2) Charms
 + Level 5.7(7.6) Summonings
 + Level 9.5(11.3) Ice Magic


You had 17 spell levels left.
You knew the following spells:

 Your Spells              Type           Power        Failure   Level  Hunger
a - Freeze                Ice            ####         1%          1    None
b - Throw Frost           Conj/Ice       ######       1%          2    None
c - Summon Ice Beast      Ice/Summ       ######..     1%          4    None
d - Throw Icicle          Conj/Ice       ######..     1%          4    None
o - Ozocubu's Armour      Chrm/Ice       ######..     1%          3    None


Dungeon Overview and Level Annotations

Branches:
Dungeon (10/15)            Temple (1/1) D:5
   Lair: D:8-11         Orc: D:9-12

Altars:
Ashenzari
Cheibriados
Dithmenos
Elyvilon
Fedhas
Gozag
Hepliaklqana
Kikubaaqudgha
Makhleb
Nemelex Xobeh
Okawaru
Qazlal
Ru
Sif Muna
Trog
Vehumet
Wu Jian
Xom
Yredelemnul
Zin
The Shining One
Jiyva

Shops:
D:6 (*?}

Annotations:
D:5 Dowan, Duvessa


Message History

The orc warrior unwields an uncursed arbalest.
The orc warrior barely misses you.
The orc warrior hits you from afar with a halberd!
* * * LOW HITPOINT WARNING * * *
Your ice beast hits the orc warrior but does no damage.
Your ice beast hits the orc but does no damage.
Your ice beast completely misses the orc warrior.
Unknown command.
Unknown command.
Unknown command.
Casting: Freeze
Confirm with . or Enter, or press ? or * to list all spells.
Aiming: Freeze
Press: ? - help, Shift-Dir - straight line, f/p - orc warrior
Aim: an orc warrior, wearing a chain mail (almost dead)
You freeze the orc warrior.
You kill the orc warrior!
The orc completely misses you.
The orc warrior hits you from afar with a halberd!
You die...

### ##
#####∩###########.##
..##.∩.##.....##..(#
≈..#...#..≈≈≈..#..[#
≈≈(.(....≈≈o≈≈.#.Y[#
)≈.......≈ooo≈.Yoo.#
≈≈.......≈≈o≈≈.#.Y.#
≈..#...#..≈≈≈..#@.$#
..##...##.....##.)}#
#####∩###########.##
### ##


You could see an orc warrior, an orc and 3 friendly ice beasts.

Vanquished Creatures
  A two-headed ogre (D:8)
  Sigmund (D:5)
  2 water moccasins
  2 orc warriors (Bailey)
  A sky beast (D:6)
  A phantom (D:6)
  An ogre (D:7)
  3 centaurs
  2 big kobolds
  4 bullfrogs
  2 scorpions
  2 electric eels (D:6)
  A howler monkey (D:8)
  A bullfrog zombie (D:8)
  5 crimson imps
  2 jellies (D:6)
  2 orc priests (D:9)
  7 hounds
  8 orc wizards
  Jessica (D:3)
  2 iguanas
  4 worker ants
  A hound zombie (D:6)
  3 hound skeletons
  A worker ant zombie (D:7)
  20 gnolls
  2 river rats (Sewer)
  11 adders
  2 shadow imps
  6 oozes
  An adder zombie (D:7)
  2 dart slugs
  9 leopard geckos
  28 orcs
  4 giant cockroaches
  11 goblins
  11 hobgoblins
  4 jackals
  8 quokkas
  11 ball pythons
  7 bats
  11 frilled lizards
  2 goblin skeletons (D:8)
  A jackal zombie (D:5)
  11 kobolds
  A kobold zombie (D:8)
  An orc skeleton (D:8)
  A quokka zombie (D:8)
  35 rats
  A spectral orc (D:7)
261 creatures vanquished.

Vanquished Creatures (collateral kills)
  An orc knight (Bailey)
  2 orc warriors (Bailey)
  A necrophage (D:8)
  4 wights (D:6)
  A quasit (D:8)
  4 gnolls (D:4)
  4 orcs
  A hobgoblin (D:2)
  3 jackals (D:2)
  A goblin zombie (D:8)
  3 hobgoblin zombies (D:8)
  A kobold zombie (D:8)
26 creatures vanquished.

Vanquished Creatures (others)
  A human (D:3)
1 creature vanquished.

Grand Total: 288 creatures vanquished

Notes
Turn   | Place    | Note
-------+----------+-------------------------------------------
     0 | D:1      | nubinia the Deep Elf Ice Elementalist began the quest for the Orb.
     0 | D:1      | Reached XP level 1. HP: 10/10 MP: 6/6
   296 | D:1      | Reached XP level 2. HP: 14/15 MP: 4/8
   334 | D:1      | Learned a level 2 spell: Throw Frost
  1014 | D:2      | Reached XP level 3. HP: 19/19 MP: 8/10
  1022 | D:2      | Learned a level 3 spell: Ozocubu's Armour
  1358 | D:2      | Found a blossoming altar of Fedhas.
  1387 | D:2      | Reached skill level 4 in Spellcasting
  1617 | D:2      | Reached XP level 4. HP: 22/24 MP: 2/12
  1917 | D:2      | Reached skill level 5 in Ice Magic
  2009 | D:2      | Reached XP level 5. HP: 28/28 MP: 5/14
  2015 | D:2      | Learned a level 4 spell: Summon Ice Beast
  2729 | D:3      | Found a faded altar of an unknown god.
  2812 | D:3      | Noticed Jessica
  2820 | D:3      | Killed Jessica
  2820 | D:3      | Reached skill level 5 in Spellcasting
  3391 | D:3      | Found a shattered altar of Ashenzari.
  3396 | D:3      | Became a worshipper of Ashenzari the Shackled
  3415 | D:3      | Reached skill level 1 in Summonings
  3435 | D:3      | Found a shimmering altar of Xom.
  3603 | D:3      | Found an ancient bone altar of Kikubaaqudgha.
  3615 | D:3      | Noticed a human
  3616 | D:3      | Killed a human
  3686 | D:4      | Found a sparkling altar of Nemelex Xobeh.
  3717 | D:4      | Reached XP level 6. HP: 17/32 MP: 10/15
  4196 | D:4      | Reached skill level 1 in Short Blades
  4227 | D:4      | Found an opulent altar of Gozag.
  4498 | D:4      | Found a burning altar of Makhleb.
  4498 | D:4      | Noticed a balrug
  4501 | D:4      | Noticed a smoke demon
  4501 | D:4      | Noticed a ynoxinul
  4635 | D:5      | Entered Level 5 of the Dungeon
  4651 | D:4      | Reached skill level 6 in Spellcasting
  4750 | D:4      | Reached XP level 7. HP: 31/36 MP: 11/18
  4848 | D:5      | Found a glowing drain.
  4897 | Sewer    | Entered a sewer
  4928 | Sewer    | Learned a level 4 spell: Throw Icicle
  5779 | Sewer    | Reached skill level 7 in Spellcasting
  5974 | D:5      | Noticed Duvessa
  5978 | D:5      | Found a staircase to the Ecumenical Temple.
  5979 | D:5      | Reached * piety under Ashenzari
  5997 | Temple   | Entered the Ecumenical Temple
  6170 | D:5      | Noticed Dowan
  6355 | D:6      | Found Syraug's Magic Scroll Emporium.
  6386 | D:6      | Reached XP level 8. HP: 22/41 MP: 9/21
  6599 | D:6      | Reached skill level 1 in Charms
  6781 | D:5      | Noticed Sigmund
  6959 | D:6      | Reached skill level 8 in Spellcasting
  7018 | D:6      | Found Wirgh's Assorted Antiques.
  7328 | D:6      | Found Sutaesk's Gadget Boutique.
  7516 | D:6      | Found Ahemett's Weapon Shoppe.
  7767 | D:5      | Killed Sigmund
  8025 | D:7      | Found a shadowy altar of Dithmenos.
  8281 | D:7      | Reached skill level 9 in Spellcasting
  8429 | D:7      | Found a basalt altar of Yredelemnul.
  8613 | D:8      | Reached skill level 5 in Summonings
  8613 | D:8      | Reached XP level 9. HP: 35/46 MP: 21/24
  8650 | D:8      | Found a snail-covered altar of Cheibriados.
  8883 | D:8      | Reached ** piety under Ashenzari
  8959 | D:8      | Found a stormy altar of Qazlal.
  8997 | D:8      | Noticed a two-headed ogre
  9270 | D:8      | Found a glowing golden altar of the Shining One.
  9607 | D:9      | Reached *** piety under Ashenzari
  9916 | D:9      | Identified the +4 ring mail of Soriuxuni {Str+3}
 10199 | D:9      | Reached skill level 10 in Spellcasting
 10373 | D:8      | Killed a two-headed ogre
 10373 | D:8      | Reached skill level 1 in Shields
 10378 | D:8      | Found a radiant altar of Vehumet.
 10378 | D:8      | Found a hazy altar of Hepliaklqana.
 10884 | D:6      | Bought 2 scrolls of identify for 40 gold pieces
 10956 | D:6      | Reached skill level 1 in Fighting
 11019 | D:10     | Entered Level 10 of the Dungeon
 11049 | D:10     | Reached skill level 11 in Spellcasting
 11104 | D:10     | Found a flagged portal.
 11185 | Bailey   | Entered a bailey
 11185 | Bailey   | Noticed an orc knight
 11185 | Bailey   | Noticed an orc knight
 11226 | Bailey   | Noticed an orc knight
 11243 | Bailey   | Killed an orc knight
 11243 | Bailey   | Reached XP level 10. HP: 52/52 MP: 14/27
 11482 | Bailey   | Identified the +1 leather armour of Complete Protection {rElec rN+ Dex+3}
 11492 | Bailey   | Mangled by an orc warrior

Vault maps used:
D:1:      dpeg_arrival_connections
D:2:      fedhas_altar_2, minmay_cut_off
D:3:      marbit_many_paths, lemuel_crystal_altar,
          chequers_ecumenical_altar_island, tgw_kikubaaqudgha, uniq_jessica
D:4:      nemelex_xobeh_ov_fountains_minmay, kennysheep_mini_moat,
          makhleb_altar_promises_db, first_bread, nicolae_underground_beach
D:5:      minmay_temple_entry_grid, gup_sewer_entry_pipe, uniq_sigmund,
          uniq_duvessa
D:6:      serial_shops, shop, shop_statue, kennysheep_little_box,
          nicolae_shop_overgrown_old_shop, serial_bayou_lake_a
D:7:      yredelemnul_forgotten_temple_becter, lemuel_doored_altar
D:8:      nicolae_overflow_hidden_temple, nicolae_tso_besieged_by_evil,
          nicolae_qazlal_general_emergency, basic_altar
D:10:     enter_bailey_3
Temple:   pf_slimified_temple
Sewer:    sewer_minmay_w
Bailey:   bailey_polearm_4, bailey

Skill      XL: |  1  2  3  4  5  6  7  8  9 10 |
---------------+-------------------------------+-----
Ice Magic      | 4 5 6 7 9 |  9.5
Spellcasting   | 4 5 6 7 9 11 | 11.1
Stealth        | 3 4 |  4.5
Summonings     | 1 2 3 5 |  5.7
Short Blades   | 1 2 |  2.4
Dodging        | 3 4 |  4.5
Conjurations   | 2 3 |  3.0
Charms         | 1 2 |  2.6
Shields        | 1 2 |  2.0
Fighting       | 1 |  1.0

Action                   |  1- 3 |  4- 6 |  7- 9 | 10-12 || total
-------------------------+-------+-------+-------+-------++-------
Melee: Unarmed           |     2 |       |       |       ||     2
       Dagger            |     1 |    93 |   188 |     1 ||   283
 Cast: Freeze            |    60 |    84 |   185 |     9 ||   338
       Throw Frost       |     2 |    34 |   115 |       ||   151
       Ozocubu's Armour  |     2 |     6 |    22 |     2 ||    32
       Summon Ice Beast  |       |     2 |    16 |     8 ||    26
       Throw Icicle      |       |       |     7 |       ||     7
Invok: Curse Item        |       |     3 |     3 |       ||     6
Evoke: Wand              |       |       |     1 |     2 ||     3
       Lamp of fire      |       |       |     1 |       ||     1
  Use: Potion            |     1 |     1 |     1 |     3 ||     6
       Scroll            |     5 |     4 |    12 |     1 ||    22
 Stab: Sleeping          |       |     5 |    13 |       ||    18
       Invisible         |       |     1 |       |       ||     1
       Distracted        |       |       |     1 |       ||     1
  Eat: Chunk             |     2 |    10 |    19 |     1 ||    32
       Fruit             |       |       |     2 |     1 ||     3
Armor: Robe              |     8 |    29 |    73 |     2 ||   112
Dodge: Dodged            |    23 |   156 |   257 |    25 ||   461
Block: Shield            |       |       |     7 |     9 ||    16
